 Dungeon Crawl Stone Soup version 0.20.0-15-g7f486f2 (webtiles) character file.

5436 kuniqs the Skirmisher (level 10, -1/63 HPs)
             Began as a Gargoyle Fighter on June 9, 2017.
             Was a High Priest of Okawaru.
             Slain by a killer bee (3 damage)
             ... on level 8 of the Dungeon.
             The game lasted 00:11:04 (8425 turns).

kuniqs the Skirmisher (Gargoyle Fighter)            Turns: 8425, Time: 00:11:04

Health: -1/63      AC: 23    Str: 21    XL:     10   Next: 68%
Magic:  14/14      EV:  8    Int:  9    God:    Okawaru [*****.]
Gold:   582        SH: 11    Dex: 11    Spells: 8/9 levels left

rFire    . . .     SeeInvis +   a - +1 flail
rCold    + . .     Gourm    .   c - +0 shield
rNeg     + . .     Faith    .   v - +0 chain mail
rPois    ∞         Spirit   .   (no helmet)
rElec    +         Reflect  .   h - +1 cloak
rCorr    .         Harm     .   t - +1 pair of gloves
MR       .....                  C - +0 pair of boots
Stlth    ..........             (no amulet)
Regen    0.2/turn               n - ring of see invisible
MPRegen  0.2/turn               D - ring of protection from cold

@: very slightly contaminated
A: negative energy resistance 1, electricity resistance, unbreathing,
petrification resistance, rot immunity, AC +7
a: Heroism, Finesse, Renounce Religion


You were on level 8 of the Dungeon.
You worshipped Okawaru.
Okawaru was extremely pleased with you.
You were hungry.

You visited 1 branch of the dungeon, and saw 9 of its levels.

You collected 582 gold pieces.

Inventory:

Hand Weapons
 a - a +1 flail (weapon)
Missiles
 i - 8 javelins of returning
 I - 5 tomahawks (quivered)
Armour
 c - a +0 shield (worn)
 h - a +1 cloak (worn)
 t - a +1 pair of gloves (worn)
 v - a +0 chain mail (worn)
 C - a +0 pair of boots (worn)
Jewellery
 n - a ring of see invisible (left hand)
 D - a ring of protection from cold (right hand)
Wands
 w - a wand of scattershot (0/9)
 y - a wand of lightning (6/15)
 G - a wand of disintegration (11/24)
Scrolls
 g - 5 scrolls of teleportation
 j - a scroll of noise {unknown}
 l - 5 scrolls of remove curse {@r2}
 m - 4 scrolls of enchant weapon
 o - 10 scrolls of identify {unknown}
 r - 2 scrolls of fear {unknown}
 x - 3 scrolls of magic mapping {unknown}
 B - 2 scrolls of fog {unknown}
 F - 4 scrolls of recharging {unknown}
Potions
 f - a potion of might
 k - 3 potions of ambrosia {unknown}
 p - 5 potions of curing {unknown}
 q - a potion of experience {unknown}
 s - a potion of agility {unknown}
 u - 2 potions of degeneration {unknown}
 z - a potion of brilliance {unknown}
 A - 4 potions of heal wounds {unknown}
 E - a potion of flight {unknown}
 H - a potion of lignification {unknown}
Comestibles
 b - 4 royal jellies
 d - 9 bread rations


   Skills:
 + Level 7.3 Fighting
 + Level 6.4 Maces & Flails
 + Level 5.6 Throwing
 + Level 6.9 Armour
 + Level 4.5 Dodging
 + Level 7.2 Shields
 + Level 5.9 Invocations


You had 8 spell levels left.
You knew the following spells:

 Your Spells              Type           Power        Failure   Level  Hunger
a - Flame Tongue          Conj/Fire      #....        100%        1    ##.....


Dungeon Overview and Level Annotations

Branches:
Dungeon (9/15)             Temple (0/1) D:7
   Lair: D:8-11         Orc: D:9-12

Altars:
Gozag
Makhleb
Okawaru
Trog
Vehumet
Yredelemnul
Zin
The Shining One

Annotations:
D:7 exclusion: statue


Innate Abilities, Weirdness & Mutations

You are resistant to torment.
Your stone body is resilient. (AC +7)
You are immune to poison.
You resist negative energy. (rN+)
You are resistant to electric shocks. (rElec)
You can survive without breathing.
You are immune to petrification.
You are immune to rotting.


Message History

The killer bee stings you but does no damage.
You block the killer bee's attack.
You sock the killer bee!
The killer bee is heavily wounded.
The killer bee barely misses you.
The killer bee stings you but does no damage.
The killer bee closely misses you.
The killer bee stings you but does no damage. x2
You hit the killer bee.
The killer bee is severely wounded.
The killer bee barely misses you. x3
The killer bee stings you but does no damage.
You block the killer bee's attack.
The killer bee stings you but does no damage.
The killer bee closely misses you.
You closely miss the killer bee.
The killer bee is severely wounded.
The killer bee stings you but does no damage. x4
The killer bee stings you.
You die...

###..........)....#############..
#...#..#######...............#..#
..###..# #########..........##
### #..######...(..#######.....#
# #..##...........# #...##..#
##...............# #.......##
###................## #.....>...
#.............y.....# ##........
#..............@....# #........
#...............y...# #........
##..................####........
#...................##......... #
##...........(......#..##.####.
## #................()#..#### #.
.# ##...............(#..## ## .##
#..............##).#### ## ..#
#.............###.##..## #.


You could see 2 killer bees.

Vanquished Creatures
  2 two-headed ogres
  The ghost of Rakdos the Cleaver, a novice MiBe of Trog (D:6)
  The ghost of George the Slasher, a novice FoFi (D:4)
  A hippogriff (D:8)
  A hungry ghost (D:8)
  The ghost of kuniqs the Shield-Bearer, an amateur GrFi (D:3)
  A phantom (D:7)
  3 ice beasts
  An orc warrior (D:7)
  A sky beast (D:8)
  A necrophage (D:7)
  2 ogres
  2 centaurs
  A big kobold (D:8)
  Blork the orc (D:5)
  A gnoll sergeant (D:8)
  4 bullfrogs
  3 scorpions
  6 killer bees
  3 howler monkeys
  2 crimson imps
  A bullfrog zombie (D:5)
  2 orc priests
  A bullfrog skeleton (D:8)
  2 hounds
  8 orc wizards
  A gnoll shaman (D:6)
  Ijyb (D:4)
  3 iguanas
  6 worker ants
  A howler monkey zombie (D:4)
  A worker ant zombie (D:7)
  7 gnolls
  11 adders
  2 shadow imps (D:5)
  An ooze (D:1)
  An adder zombie (D:6)
  2 worms (D:5)
  6 dart slugs
  2 leopard geckos
  27 orcs
  A ball python (D:2)
  7 bats
  4 giant cockroaches
  6 goblins
  2 hobgoblins (D:2)
  2 jackals (D:1)
  7 quokkas
  4 frilled lizards
  A jackal zombie (D:8)
  9 kobolds
  A quokka skeleton (D:5)
  7 rats
176 creatures vanquished.

Notes
Turn   | Place    | Note
-------+----------+-------------------------------------------
     0 | D:1      | kuniqs the Gargoyle Fighter began the quest for the Orb.
     0 | D:1      | Reached XP level 1. HP: 14/14 MP: 1/1
   371 | D:1      | Reached XP level 2. HP: 19/19 MP: 2/2
   545 | D:1      | Reached skill level 1 in Throwing
   773 | D:2      | Reached XP level 3. HP: 18/23 MP: 3/3
   907 | D:2      | Found a basalt altar of Yredelemnul.
  1171 | D:2      | Reached skill level 1 in Dodging
  1171 | D:2      | Reached XP level 4. HP: 27/28 MP: 4/4
  1391 | D:2      | Found a burning altar of Makhleb.
  1394 | D:2      | Found an opulent altar of Gozag.
  1397 | D:2      | Found an iron altar of Okawaru.
  1401 | D:2      | Became a worshipper of Warmaster Okawaru
  1490 | D:3      | Noticed kuniqs's ghost (amateur GrFi)
  2098 | D:4      | Reached XP level 5. HP: 32/32 MP: 5/5
  2248 | D:4      | Noticed Ijyb
  2268 | D:4      | Killed Ijyb
  2268 | D:4      | Reached skill level 1 in Invocations
  2268 | D:4      | Reached XP level 6. HP: 32/38 MP: 6/6
  2653 | D:4      | Noticed George's ghost (novice FoFi)
  2671 | D:4      | Killed George's ghost
  2671 | D:4      | Reached * piety under Okawaru
  2671 | D:4      | Reached XP level 7. HP: 39/44 MP: 8/8
  2698 | D:4      | Reached ** piety under Okawaru
  2868 | D:5      | Entered Level 5 of the Dungeon
  2883 | D:5      | Learned a level 1 spell: Flame Tongue
  3003 | D:5      | Noticed a two-headed ogre
  3010 | D:5      | Killed a two-headed ogre
  3010 | D:5      | Reached skill level 5 in Fighting
  3010 | D:5      | Reached skill level 5 in Armour
  3010 | D:5      | Reached skill level 5 in Shields
  3010 | D:5      | Reached XP level 8. HP: 18/49 MP: 6/10
  3332 | D:5      | Reached *** piety under Okawaru
  3749 | D:5      | Noticed a moth of wrath
  3749 | D:5      | Noticed Blork the orc
  3758 | D:5      | Killed Blork the orc
  3758 | D:5      | Reached XP level 9. HP: 54/54 MP: 11/11
  3763 | D:5      | Found a bloodstained altar of Trog.
  4351 | D:3      | Killed kuniqs's ghost
  4754 | D:6      | Noticed Rakdos's ghost (novice MiBe)
  4786 | D:6      | Killed Rakdos's ghost
  4786 | D:6      | Reached **** piety under Okawaru
  4786 | D:6      | Reached skill level 5 in Maces & Flails
  5974 | D:7      | Found a staircase to the Ecumenical Temple.
  6050 | D:7      | HP: 2/55 [orc warrior/trident (2)]
  6410 | D:7      | Found a radiant altar of Vehumet.
  6430 | D:7      | Received a gift from Okawaru
  6532 | D:7      | Reached skill level 5 in Invocations
  6628 | D:7      | Reached XP level 10. HP: 57/61 MP: 13/13
  6763 | D:7      | Reached skill level 5 in Throwing
  6993 | D:7      | Found a glowing silver altar of Zin.
  7187 | D:8      | Noticed a two-headed ogre
  7210 | D:7      | Killed a two-headed ogre
  7736 | D:8      | Reached ***** piety under Okawaru
  8219 | D:8      | Found a glowing golden altar of the Shining One.
  8422 | D:8      | HP: 2/63 [killer bee (4)]
  8425 | D:8      | Slain by a killer bee

Skill      XL: |  1  2  3  4  5  6  7  8  9 10 |
---------------+-------------------------------+-----
Throwing       | 1 2 3 4 5 |  5.6
Dodging        | 1 2 3 4 |  4.5
Shields        | 4 5 6 7 |  7.2
Armour         | 4 5 6 |  6.9
Invocations    | 1 2 3 5 |  5.9
Fighting       | 4 5 6 7 |  7.3
Maces & Flails | 3 4 5 6 |  6.4

Action                   |  1- 3 |  4- 6 |  7- 9 | 10-12 || total
-------------------------+-------+-------+-------+-------++-------
Melee: Flail             |   103 |   227 |   511 |   318 ||  1159
Throw: Javelin           |       |       |     4 |       ||     4
       Tomahawk          |       |       |       |     3 ||     3
Invok: Heroism           |       |       |     1 |       ||     1
Evoke: Wand              |       |     1 |     1 |       ||     2
  Use: Scroll            |       |     4 |       |     1 ||     5
  Eat: Chunk             |     1 |     5 |    14 |     6 ||    26
       Meat ration       |       |       |       |     1 ||     1
       Bread ration      |       |       |       |     1 ||     1
Armor: Scale mail        |    68 |    90 |       |       ||   158
       Chain mail        |       |    69 |   310 |   238 ||   617
Dodge: Dodged            |    40 |    53 |   164 |   127 ||   384
Block: Shield            |    70 |   131 |   322 |   248 ||   771
